 Dungeon Crawl Stone Soup version 0.26.1-11-gd32895ea62 (webtiles) character file.

Game seed: 18250587801000927631

30 Amplified the Skirmisher (level 3, 0/30 HPs)
             Began as a Barachi Fighter on Apr 14, 2021.
             Was an Initiate of Makhleb.
             Slain by a scorpion (5 damage)
             ... on level 2 of the Dungeon.
             The game lasted 00:00:59 (1157 turns).

Amplified the Skirmisher (Barachi Fighter)          Turns: 1157, Time: 00:01:00

Health: 0/30       AC:  7    Str: 15 (18) XL:     3   Next: 18%
Magic:  3/3        EV:  6    Int:  7 (8)  God:    Makhleb [......]
Gold:   47         SH:  8    Dex: 10 (11) Spells: 2/2 levels left

rFire    . . .     SeeInvis .   a - +0 war axe
rCold    . . .     Faith    .   c - +0 kite shield
rNeg     . . .     Spirit   .   b - +0 scale mail
rPois    .         Reflect  .   (no helmet)
rElec    .         Harm     .   (no cloak)
rCorr    .         Rampage  .   (no gloves)
Will     .....                  (no boots)
Stlth    ..........             (no amulet)
HPRegen  0.10/turn              (no ring)
MPRegen  0.08/turn              (no ring)

@: mighty, lethally poisoned (0 -> -13), about to teleport, slow
A: +LOS, swims, slowness 1, strong legs 1
a: Hop, Renounce Religion


You were on level 2 of the Dungeon.
You worshipped Makhleb.
Makhleb was noncommittal.
You visited 1 branch of the dungeon, and saw 2 of its levels.

You collected 47 gold pieces.

Inventory:

Hand Weapons
 a - a +0 war axe (weapon)
Armour
 b - a +0 scale mail (worn)
 c - a +0 kite shield (worn)
Scrolls
 e - a scroll of immolation {unknown}
 f - 2 scrolls of teleportation
 g - 2 scrolls of identify {unknown}
 h - a scroll of enchant armour {unknown}
 j - a scroll of enchant weapon {unknown}
Potions
 d - a potion of might


   Skills:
 * Level 4.0 Fighting
 * Level 2.8 Axes
 + Level 3.8 Armour
 * Level 3.7 Shields
 * Level 0.0 Invocations


You had 2 spell levels left.
You didn't know any spells.
Your spell library was empty.

Dungeon Overview and Level Annotations

Branches:
Dungeon (2/15)

Altars:
Makhleb
Xom


Innate Abilities, Weirdness & Mutations

You can be seen from farther away. (+LOS)
You can swim through water.
You cover ground slowly.
You can hop short distances.


Message History

You feel weakened.
You feel dopey.
You feel clumsy.
You feel sick. The scorpion closely misses you.
You feel very mighty all of a sudden.
* * * LOW HITPOINT WARNING * * *
You feel sick. You block the scorpion's attack.
You barely miss the scorpion.
The scorpion is moderately wounded.
* * * LOW HITPOINT WARNING * * *
You feel sick. The scorpion barely misses you.
Okay, then.
You aren't carrying any items that you can evoke.
Unknown command.
Okay, then.
As you read the scroll labelled GAGIUX GUUNT, it crumbles to dust.
You feel strangely unstable.
It was a scroll of teleportation.
* * * LOW HITPOINT WARNING * * *
You feel sick. The scorpion closely misses you.
* * * LOW HITPOINT WARNING * * *
You feel sick. The scorpion stings you.
You die...

#.# #.# #.#
#.# #.# #.#
#.#
#########.#
#..@......#
##s########
#.# #†# ..#
...# ....#
.....#
##...##


You could see a scorpion.

Vanquished Creatures
  An ooze (D:1)
  A leopard gecko (D:2)
  3 bats (D:1)
  A giant cockroach (D:1)
  4 goblins (D:1)
  4 hobgoblins (D:1)
  4 frilled lizards (D:1)
  3 kobolds (D:1)
  2 rats (D:1)
23 creatures vanquished.

Notes
Turn   | Place    | Note
-------+----------+-------------------------------------------
     0 | D:1      | Amplified the Barachi Fighter began the quest for the Orb.
     0 | D:1      | Reached XP level 1. HP: 18/18 MP: 1/1
   136 | D:1      | Reached XP level 2. HP: 25/25 MP: 2/2
   748 | D:1      | Reached skill level 4 in Fighting
   748 | D:1      | Reached XP level 3. HP: 26/30 MP: 3/3
  1065 | D:2      | Found a shimmering altar of Xom.
  1066 | D:2      | Found a burning altar of Makhleb.
  1125 | D:2      | Became a worshipper of Makhleb the Destroyer
  1148 | D:2      | Noticed a scorpion
  1157 | D:2      | Slain by a scorpion

Illustrated notes

Levels and vault maps discovered:
D:1:      kennysheep_arrival_seaside, layout_loops_corners
D:2:      layout_loops_ring, gammafunk_temple_overflow_statue,
          lemuel_crystal_altar, grunt_temple_overflow_diamond,
          columned_hall_lemuel

Skill      XL: |  1  2 |
---------------+-------+-----
Fighting       | 4 |  4.0
Axes           | |  2.8
Armour         | |  3.8
Shields        | |  3.7

Action                   || total
-------------------------++-------
Melee: War axe           ||    77
  Use: Potion            ||     2
       Scroll            ||     1
Armor: Scale mail        ||    40
Dodge: Dodged            ||    30
Block: Kite shield       ||    42
